 Dungeon Crawl Stone Soup version 0.29.1-1-gd02db6906a (webtiles) character file.

Game seed: 4818370738768491832

17991 Icepheonix32 the Severer (level 12, -14/84 HPs)
             Began as a Hill Orc Fighter on Oct 13, 2022.
             Was a Priest of Hepliaklqana.
             Killed from afar by a tengu conjurer (21 damage)
             ... with a bolt of lightning
             ... on level 10 of the Dungeon.
             The game lasted 00:28:50 (11269 turns).

Icepheonix32 the Severer (Hill Orc Fighter)        Turns: 11269, Time: 00:28:51

Health: -14/84     AC: 26    Str: 22    XL:     12   Next: 53%
Magic:  12/12      EV:  5    Int: 10    God:    Hepliaklqana [***...]
Gold:   1334       SH: 10    Dex: 10    Spells: 10/11 levels left

rFire   + . .      SeeInvis +   h - +14 obsidian axe {vorpal, Mesm Drain Fly SInv}
rCold   + . .      Faith    .   c - +0 buckler
rNeg    . . .      Spirit   .   N - +2 gold dragon scales
rPois   +          Reflect  +   t - +1 hat {Stlth+}
rElec   .          Harm     .   P - +0 cloak
rCorr   +          Rampage  .   b - +0 pair of gloves
Will    .....                   i - +0 pair of boots
Stlth   ..........              r - amulet of reflection
HPRegen 0.24/turn               J - ring of resist corrosion
MPRegen 0.13/turn               (no ring)

@: flying, mesmerised, studying Summonings
A: reduced essence
a: Renounce Religion, Recall Ancestor, Ancestor Identity, Transference


You were on level 10 of the Dungeon.
You worshipped Hepliaklqana.
Hepliaklqana was most pleased with you.
You visited 2 branches of the dungeon, and saw 11 of its levels.
You also visited: Ossuary and Bailey.

You collected 1438 gold pieces.
You spent 104 gold pieces at shops.

Inventory:

Hand Weapons
 a - a +1 war axe
 h - the +14 obsidian axe (weapon) {vorpal, Mesm Drain Fly SInv}
   (You acquired it on level 2 of the Dungeon)

   It inflicts extra damage upon your enemies.
   It occasionally summons demons to assist the wielder when it strikes in
   combat.
   Its wielder is mesmerised by any visible foes.
   It cannot be unequipped while any foes are visible.
   SInv:      It lets you see invisible.
   Fly:       It grants you flight.
   Drain:     It drains your maximum health when unequipped.
 y - a +0 hand axe of flaming
 Q - a +4 hand axe
Missiles
 d - 4 throwing nets
 n - 12 boomerangs (quivered)
 L - 2 curare-tipped darts
 X - 4 javelins
Armour
 b - a +0 pair of gloves (worn)
 c - a +0 buckler (worn)
 i - a +0 pair of boots (worn)
 t - a +1 hat of stealth (worn)
 A - a +0 helmet
 N - +2 gold dragon scales (worn)
 P - a +0 cloak (worn)
 S - a +2 plate armour of fire resistance
Magical Staves
 V - a staff of death
 W - a staff of poison
Jewellery
 r - an amulet of reflection (around neck)
 s - an amulet of faith
 w - an amulet of magic regeneration
 J - a ring of resist corrosion (left hand)
 Y - a ring of fire
Wands
 l - a wand of mindburst (9)
 p - a wand of flame (25)
 q - a wand of roots (12)
 F - a wand of quicksilver (3)
 O - a wand of polymorph (5)
Scrolls
 k - 6 scrolls of teleportation
 u - 3 scrolls of amnesia
 v - a scroll of vulnerability
 x - 4 scrolls of blinking
 B - a scroll of summoning
 C - 4 scrolls of poison
 E - 2 scrolls of fog
 H - 2 scrolls of immolation
 I - 3 scrolls of magic mapping
Potions
 f - 2 potions of flight
 g - 3 potions of lignification
 j - 5 potions of brilliance
 m - a potion of magic
 o - a potion of invisibility
 z - 3 potions of curing
 D - a potion of ambrosia
 G - a potion of berserk rage
 K - 3 potions of mutation
 T - 2 potions of cancellation
Miscellaneous
 e - a phantom mirror
 U - a phial of floods


   Skills:
 - Level 5.5 Fighting
 + Level 19.6 Axes
 * Level 12.9 Armour
 + Level 2.8 Dodging
 - Level 1.4 Stealth
 - Level 5.0 Shields


You had 10 spell levels left.
You knew the following spells:

 Your Spells              Type           Power      Damage    Failure   Level
a - Summon Small Mammal   Summ           0%         N/A       100%        1

Your spell library contained the following spells:

 Spells                   Type           Power      Damage    Failure   Level
 Apportation              Tloc           0%         N/A       100%        1
 Foxfire                  Conj/Fire      0%         2x1d4     100%        1
 Magic Dart               Conj           0%         1d3       100%        1
 Necrotise                Necr           0%         1d4       100%        1
 Sting                    Tmut/Pois      0%         1d3       100%        1
 Call Imp                 Summ           0%         N/A       100%        2
 Conjure Flame            Conj/Fire      0%         6-21      100%        3
 Inner Flame              Hex/Fire       0%         N/A       100%        3
 Mephitic Cloud           Conj/Pois/Air  0%         N/A       100%        3
 Flame Wave               Conj/Fire      0%         2d4       100%        4
 Petrify                  Tmut/Erth      0%         N/A       100%        4
 Alistair's Intoxication  Tmut/Pois      0%         N/A       100%        5
 Borgnjor's Vile Clutch   Necr/Erth      0%         N/A       100%        5
 Iskenderun's Battlesphe  Conj           0%         2d6       100%        5
 Eringya's Noxious Bog    Tmut/Pois      0%         N/A       100%        6
 Iron Shot                Conj/Erth      0%         9d1       100%        6
 Spellforged Servitor     Conj/Summ      0%         N/A       100%        7
 Necromutation            Tmut/Necr      0%         N/A       100%        8


Dungeon Overview and Level Annotations

Branches:
Dungeon (10/15)            Temple (1/1) D:6             Orc (0/2) D:9
Ossuary (visited)          Bailey (visited)
   Lair: D:8-11

Altars:
Ashenzari
Cheibriados
Dithmenos
Elyvilon
Fedhas
Gozag
Hepliaklqana
Kikubaaqudgha
Makhleb
Nemelex Xobeh
Okawaru
Qazlal
Ru
Sif Muna
Trog
Uskayaw
Vehumet
Wu Jian
Xom
Yredelemnul
Zin

Shops:
D:4 ?


Message History

The tengu conjurer pecks your chaos spawn.
The tengu conjurer claws your chaos spawn.
Unknown command.
Your chaos spawn barely misses the tengu conjurer.
The tengu conjurer hits your chaos spawn.
The tengu conjurer pecks your chaos spawn.
Your chaos spawn dies!
Your chaos spawn degenerates into a cloud of primal chaos!
You slash the hornet!
The hornet is moderately wounded.
Visions of slaying the hornet flood into your mind.
You block the hornet's attack.
You hit the hornet.
The hornet is heavily wounded.
The hornet barely misses you.
The tengu conjurer casts a spell at you.
The bolt of lightning hits you!
The bolt of lightning hits Cuahtemoc!!
The hornet stings you!
You feel yourself slow down.
You are too injured to fight recklessly!
You are too injured to fight recklessly!
You are too injured to fight recklessly!
Unknown command.
Unknown command.
Cleave: h) +14 obsidian axe {vorpal, Mesm Drain Fly SInv}
Press: ? - help, Dir - move target, f - hornet
Aim: a hornet (heavily wounded, mesmerising, about 34% to evade the +14 obsidian axe)
You closely miss the hornet.
The hornet is heavily wounded.
The tengu conjurer casts a spell at you.
The bolt of lightning hits you!!
* * * LOW HITPOINT WARNING * * *
The bolt of lightning hits Cuahtemoc!!
Cuahtemoc is destroyed!
You block the hornet's attack.
You feel better.
You feel yourself speed up.
The hornet stings you but does no damage. x2
The tengu conjurer casts a spell at you.
The bolt of lightning hits you!!
You die...

.## ##..##.#...#...#.....#
..###...##.#.#.#.#.#.....#
....?..###...#.#...#.....#
####'### #####+#####.....#
##..R## #. #....##
##.###.# .##.....#
#.##.##.# ####.#.....#
.##)..##.# #.#..#.....#
#R.)#R.##+ #Q@##'.)...#
.##)|.## #.o##y##.....#
#.##.## #.# .##....##
#.### # #.#...## #..
.#.### #+# ##.# #.# #.#


You could see a hornet (mesmerising), a tengu conjurer and an orc.

Vanquished Creatures
  Gastronok (D:8)
  A yaktaur captain (D:10)
  A centaur warrior (D:10)
  A two-headed ogre (D:8)
  A skeletal warrior (D:10)
  A deep elf archer (D:10)
  An orc knight (Bailey)
  A deep elf pyromancer (Bailey)
  A manticore (D:8)
  An ugly thing (D:8)
  Maurice (D:8)
  An efreet (D:8)
  2 unseen horrors (D:10)
  2 kobold demonologists
  2 trolls (D:10)
  Prince Ribbit (D:8)
  3 hornets
  A vampire (D:10)
  Sigmund (D:6)
  A wraith (D:8)
  6 yaks
  4 wyverns
  3 vampire mosquitoes (D:10)
  3 steam dragons
  An acid dragon (D:9)
  2 ice beasts
  11 orc warriors
  2 sky beasts
  3 ogres (D:5)
  2 centaurs (D:10)
  3 lemures (D:6)
  3 phantoms
  2 bullfrogs
  4 kobold brigands
  2 necrophages
  3 scorpions
  10 wights
  9 killer bees
  A howler monkey (D:8)
  3 hounds
  A jelly (D:7)
  6 orc priests
  An iguana (D:5)
  7 orc wizards
  A mummy (Ossuary)
  Robin (D:4)
  10 gnolls
  5 adders
  2 shadow imps
  An ufetubus (D:4)
  A worm (D:3)
  5 dart slugs
  31 orcs
  6 bats
  5 endoplasms
  3 giant cockroaches
  17 goblins
  7 hobgoblins
  A jackal (D:5)
  2 quokkas (D:2)
  8 ball pythons
  2 frilled lizards
  5 gnoll skeletons (Ossuary)
  20 kobolds
  A kobold skeleton (Ossuary)
  12 orc skeletons (Ossuary)
  3 rats
266 creatures vanquished.

Vanquished Creatures (collateral kills)
  Pikel (D:6)
  A kobold demonologist (D:10)
  A hornet (D:9)
  A shadow (D:10)
  A wyvern (D:10)
  A wraith (Ossuary)
  A steam dragon (D:8)
  4 orc warriors (Bailey)
  2 kobold brigands
  A bullfrog (D:8)
  3 wights (D:6)
  A killer bee (D:10)
  A howler monkey (D:10)
  An electric eel (D:9)
  A jelly (D:6)
  A gnoll bouda (D:8)
  An orc wizard (D:9)
  2 gnolls (D:6)
  5 orcs
  2 jackals (D:5)
  A gnoll skeleton (Ossuary)
  2 kobolds
  A kobold skeleton (Ossuary)
  5 orc skeletons (Ossuary)
41 creatures vanquished.

Vanquished Creatures (others)
  2 hexers
2 creatures vanquished.

Grand Total: 309 creatures vanquished

Notes
Turn   | Place    | Note
-------+----------+-------------------------------------------
     0 | D:1      | Icepheonix32 the Hill Orc Fighter began the quest for the
                  | Orb.
     0 | D:1      | Reached XP level 1. HP: 19/19 MP: 1/1
   466 | D:1      | Reached XP level 2. HP: 27/27 MP: 2/2
   901 | D:2      | Reached skill level 3 in Axes
  1167 | D:2      | Reached XP level 3. HP: 33/33 MP: 3/3
  1498 | D:2      | Identified a scroll of acquirement
  1498 | D:2      | Acquired the +14 obsidian axe {vorpal, Mesm Drain Fly SInv}
  1498 | D:2      | Found the +14 obsidian axe {vorpal, Mesm Drain Fly SInv}
  1611 | D:3      | Reached skill level 4 in Axes
  1628 | D:3      | Reached XP level 4. HP: 40/40 MP: 4/4
  2017 | D:3      | Found a stormy altar of Qazlal.
  2047 | D:3      | Found a hazy altar of Hepliaklqana.
  2517 | D:3      | Became a worshipper of Hepliaklqana the Forgotten
  2556 | D:4      | Noticed Robin
  2560 | D:4      | Killed Robin
  2561 | D:4      | Reached skill level 5 in Axes
  2595 | D:4      | Found a sand-covered staircase.
  2604 | Ossuary  | Entered an ossuary
  2604 | Ossuary  | Noticed a wraith
  2604 | Ossuary  | Noticed a wraith
  2604 | Ossuary  | Noticed a wraith
  2669 | Ossuary  | Reached XP level 5. HP: 46/46 MP: 5/5
  2709 | Ossuary  | Noticed a wraith
  2727 | Ossuary  | Killed a wraith
  2728 | Ossuary  | Reached skill level 7 in Axes
  2728 | Ossuary  | Reached XP level 6. HP: 52/52 MP: 6/6
  3194 | D:4      | Found Maecreusux's Magic Scroll Shop.
  3199 | D:4      | Bought a scroll of identify for 26 gold pieces
  3199 | D:4      | Bought a scroll of identify for 26 gold pieces
  3199 | D:4      | Bought a scroll of identify for 26 gold pieces
  3199 | D:4      | Bought a scroll of identify for 26 gold pieces
  3385 | D:4      | Reached skill level 8 in Axes
  3483 | D:4      | Found an iron altar of Okawaru.
  3497 | D:4      | Found a shimmering altar of Xom.
  3503 | D:4      | Found a burning altar of Makhleb.
  3565 | D:4      | Reached * piety under Hepliaklqana
  3586 | D:4      | Reached XP level 7. HP: 53/53 MP: 7/7
  3820 | D:5      | Entered Level 5 of the Dungeon
  3856 | D:5      | Reached skill level 9 in Axes
  4189 | D:5      | Reached skill level 10 in Axes
  4359 | D:5      | Reached skill level 11 in Axes
  4359 | D:5      | Reached XP level 8. HP: 59/59 MP: 8/8
  4542 | D:5      | Noticed a soul eater
  4920 | D:6      | Reached skill level 12 in Axes
  5195 | D:6      | Reached skill level 13 in Axes
  5276 | D:6      | Acquired 631 gold pieces
  5383 | D:6      | Noticed Pikel
  5391 | D:6      | Reached XP level 9. HP: 31/64 MP: 9/9
  5393 | D:6      | Killed Pikel
  5394 | D:6      | Reached skill level 5 in Armour
  5399 | D:6      | Reached ** piety under Hepliaklqana
  5657 | D:6      | Found a staircase to the Ecumenical Temple.
  5673 | D:6      | Reached skill level 1 in Dodging
  5691 | Temple   | Entered the Ecumenical Temple
  6144 | D:6      | Reached skill level 14 in Axes
  6182 | D:6      | Noticed Sigmund
  6191 | D:6      | Killed Sigmund
  6192 | D:6      | Reached skill level 5 in Fighting
  7195 | D:7      | Found a bloodstained altar of Trog.
  7195 | D:7      | Found a blossoming altar of Fedhas.
  7199 | D:7      | Reached skill level 1 in Stealth
  7275 | D:7      | Learned a level 1 spell: Summon Small Mammal
  7275 | D:7      | Acquired a manual of Summonings
  7311 | D:8      | Remembered your ancestor Cuahtemoc as a hexer
  7342 | D:8      | Noticed Gastronok
  7351 | D:8      | Killed Gastronok
  7352 | D:8      | Reached skill level 15 in Axes
  7352 | D:8      | Reached skill level 5 in Shields
  7352 | D:8      | Reached XP level 10. HP: 72/72 MP: 10/10
  7379 | D:8      | Noticed Prince Ribbit
  7387 | D:8      | Killed Prince Ribbit
  7495 | D:8      | Noticed a two-headed ogre
  7495 | D:8      | Noticed a manticore
  7495 | D:8      | Noticed a brown ugly thing
  7495 | D:8      | Noticed a kobold demonologist
  7501 | D:8      | Reached skill level 16 in Axes
  7501 | D:8      | Reached *** piety under Hepliaklqana
  7506 | D:8      | Killed a brown ugly thing
  7506 | D:8      | Killed a two-headed ogre
  7509 | D:8      | Killed a manticore
  7510 | D:8      | Reached XP level 11. HP: 79/79 MP: 11/11
  7511 | D:8      | Reached skill level 17 in Axes
  7755 | D:8      | Noticed Maurice
  7775 | D:8      | Killed Maurice
  7775 | D:8      | Noticed a soul eater
  8837 | D:9      | Found a flagged portal.
  8851 | Bailey   | Entered a bailey
  8928 | Bailey   | Found a large runed translucent door.
  8928 | Bailey   | Found a large runed translucent door.
  8930 | Bailey   | Noticed a deep elf pyromancer
  8932 | Bailey   | Noticed an orc knight
  8944 | Bailey   | Reached skill level 10 in Armour
  8955 | Bailey   | Killed an orc knight
  8956 | Bailey   | Reached skill level 18 in Axes
  9255 | Bailey   | Killed a deep elf pyromancer
  9729 | D:9      | Found a staircase to the Orcish Mines.
 10390 | D:10     | Entered Level 10 of the Dungeon
 10446 | D:10     | Reached XP level 12. HP: 78/84 MP: 12/12
 10501 | D:10     | Noticed a yaktaur captain
 10513 | D:10     | Killed a yaktaur captain
 10515 | D:10     | Reached skill level 19 in Axes
 10698 | D:10     | Noticed a centaur warrior
 10704 | D:10     | Killed a centaur warrior
 11062 | D:10     | Got the Catalogue of Evolution
 11268 | D:10     | HP: 1/84 [tengu conjurer/bolt of lightning (28)]
 11269 | D:10     | Killed from afar by a tengu conjurer

Illustrated notes

Levels and vault maps discovered:
D:1:      tarquinn_simple_flora_water_d, layout_basic
D:2:      layout_loops_ring, minivault_24
D:3:      layout_basic, mainiacjoe_overflow_two_lobes
D:4:      layout_rooms, minmay_overflow_temple_star_quad,
          chequers_ossuary_entry_cave, serial_shops, nicolae_square_shop,
          uniq_robin
D:5:      layout_gridville, minmay_misc_feat_enclosed, kennysheep_generic_room_5
D:6:      layout_gridville, temple_fountains, uniq_sigmund, uniq_pikel
D:7:      layout_loops_ring, gammafunk_temple_overflow_pools
D:8:      nzn_winding_woodlands_cross [nzn_winding_woodlands_5x15_parted,
          nzn_winding_woodlands_5x15_sawtooth, nzn_winding_woodlands_5x15_eye,
          nzn_winding_woodlands_5x15_concentric,
          nzn_winding_woodlands_15x15_killbox], layout_loops_ring,
          minmay_misc_feat_roman, uniq_prince_ribbit1, uniq_gastronok,
          uniq_maurice
D:9:      wad_river_or_something, layout_basic, enter_bailey_5,
          nrook_pool_corridor, minmay_door_square
D:10:     minmay_the_grid_4x2 [minmay_the_grid_medium_cups,
          minmay_the_grid_all_tris, minmay_the_grid_broken_lines,
          minmay_the_grid_tree, minmay_the_grid_aliased_spiral,
          minmay_the_grid_tiny_cups, minmay_the_grid_slots,
          minmay_the_grid_prize_diamond_cup], layout_rooms,
          nicolae_tso_carved_into_rock, minmay_diced_spiral, uniq_psyche,
          uniq_harold
Temple:   eino_temple_water

Skill      XL: |  1  2  3  4  5  6  7  8  9 10 11 12 |
---------------+-------------------------------------+-----
Fighting       | 4 5 |  5.5
Axes           | 3 4 5 7 8 11 13 15 16 18 19 | 19.6
Shields        | 4 5 |  5.0
Armour         | 4 7 9 11 12 | 12.9
Dodging        | 1 2 |  2.8
Stealth        | 1 |  1.4

Action                   |  1- 3 |  4- 6 |  7- 9 | 10-12 || total
-------------------------+-------+-------+-------+-------++-------
Melee: War axe           |    62 |       |       |       ||    62
       Broad axe         |     5 |    74 |   123 |   252 ||   454
Throw: Dart              |       |       |       |     1 ||     1
Invok: Ancestor Life: He |       |       |     1 |       ||     1
  Use: Scroll            |     6 |    13 |     7 |     5 ||    31
       Potion            |       |     5 |     3 |     7 ||    15
 Stab: Confused          |       |       |       |     4 ||     4
       Distracted        |       |       |       |     2 ||     2
Armor: Scale mail        |    37 |    26 |    24 |    12 ||    99
       Gold dragon scale |       |       |       |    87 ||    87
Dodge: Dodged            |    20 |    28 |    38 |    51 ||   137
Block: Buckler           |    21 |    43 |    44 |   109 ||   217
       Reflection        |       |       |       |     4 ||     4
